[Event "Early-Titled-Tuesday-Blitz-January-23-2024"]
[Site "Chess.com"]
[Date "2024.01.23"]
[Round "2"]
[White "Sargsyan_Shant"]
[Black "Lion-Al-Messi"]
[Result "1-0"]
[WhiteElo "2917"]
[BlackElo "2601"]
[TimeControl "180+1"]
[EndTime "8:18:01 PST"]
[Termination "Sargsyan_Shant won on time"]

1. c4 c5 2. g3 Nc6 3. Bg2 g6 4. d3 Bg7 5. Nc3 d6 6. Qd2 e6 7.
h4 h6 8. b3 Nge7 9. Bb2 O-O 10. h5 g5 11. f4 g4 12. e4 Nd4 13. Nge2 f5 14. Nxd4 cxd4 15. Ne2 e5 16. O-O-O a5 17. a3 a4 18. b4 b5 19. exf5 bxc4 20. dxc4 Bxf5 21. fxe5 dxe5 22. Bxa8 Qxa8 23. Rdf1 Qe4 24. Kd1 Qb1+ 25. Nc1 e4 26. Qc2 Qxc2+ 27. Kxc2 d3+ 28. Kb1 d2 29. Bxg7 dxc1=Q+ 30. Kxc1 Kxg7 31. Rd1 Nc6 32. Rd5 Rf6 33. Kd2 Be6 34. Rc5 Nd4 35. Ke3 Nb3 36. Rc7+ Kg8 37. Rd1 Rf8 38. Rd6 Re8 39. c5 Na1 40. Rd2 Nb3 41. Rd1 Bf7 42. c6 Bc4 43. Rdd7 Na1 44. Rg7+ Kf8 45. Kd4 Bg8 46. Rxg4 Nc2+ 47. Kc3 e3 48. Rf4+ Bf7 49. Rfxf7+ Kg8 50. Rg7+ Kh8 51. Rh7+ Kg8 52. Rcg7+ Kf8 53. Kxc2 e2 54. Rh8+ 1-0

[Event "Early-Titled-Tuesday-Blitz-January-23-2024"]
[Site "Chess.com"]
[Date "2024.01.23"]
[Round "2"]
[White "xakevicius91"]
[Black "mbojan"]
[Result "0-1"]
[WhiteElo "2587"]
[BlackElo "2889"]
[TimeControl "180+1"]
[EndTime "8:18:01 PST"]
[Termination "mbojan won by resignation"]

1. e4 a6 2. d4 e6 3. Bd3 d5 4. Qe2 dxe4 5. Bxe4 Nf6 6. Nf3 Nxe4 7. Qxe4 c5 8. O-O Nc6 9. Rd1 cxd4 10. Nxd4 Qd5 11.
Qxd5 exd5 12. Nc3 Be6 13. Be3 Bb4 14. Nce2 O-O-O 15. c3 Bd6 16. Nxc6 bxc6 17. b4 Rhe8 18. Nd4 Bd7 19. Nb3 Re4 20. Bd4 f6 21. Re1 Rde8 22. Rxe4 Rxe4 23. Rd1 Re2 24. a4 Bf5 25. Nc5 Bxc5 26.
Bxc5 Bc2 27. Rc1 Bxa4 28. g3 Bb5 29. Kg2 Kd7 30. Kf3 Re4 31. Bd4 Ke6 32. h3 g5 33.
g4 f5 34. Kg3 Re2 35. gxf5+ Kxf5 36. h4 g4 37. Rh1 h5 38. Rd1 Re4 39. Be3 a5 40. bxa5 Ra4 41. Bb6 Ra3 42. Rc1 Ke4 43. Kg2 Kd3 44. Bd4 Rxa5 45. Re1 Ra3 46. Re3+ Kc2 47. Re5 Rxc3 48. Bxc3 Kxc3 49. Rxh5 d4 50. Rh7 d3 51. Rd7 d2 52. Rd6 c5 53. h5 Bd3 54. Rxd3+ Kxd3 55. h6 d1=Q 56. h7 Qf3+ 0-1

[Event "Early-Titled-Tuesday-Blitz-January-23-2024"]
[Site "Chess.com"]
[Date "2024.01.23"]
[Round "2"]
[White "Philosopherrr"]
[Black "jcibarra"]
[Result "1/2-1/2"]
[WhiteElo "2426"]
[BlackElo "2830"]
[TimeControl "180+1"]
[EndTime "8:18:01 PST"]
[Termination "Game drawn by repetition"]

1. e4 c5 2. Nf3 e6 3. d4 cxd4 4. Nxd4 Bc5 5. Nb3 Bb6 6. Nc3 Ne7 7. g3 O-O 8. Bg2 f5 9. O-O Nbc6 10. a4 fxe4 11.
Nxe4 d5 12. Nec5 Qd6 13. Ne4 Qd8 14. Nec5 Nf5 15. Re1 Qd6 16. Bf4 Qd8 17. Nxe6 Bxe6 18. Rxe6 Nfd4 19. Nxd4 Nxd4 20. Re1 Rxf4 21. gxf4 Qh4 22.
c3 Nc6 23. Qxd5+ Kh8 24. Qf3 Rf8 25. Re4 Bc7 26. Qg3 Qh6 27. Rae1 Bxf4 28. Rxf4 Rg8 29.
Rh4 Qf6 30. Be4 g6 31. Bg2 Rf8 32. Rhe4 Kg8 33. Re6 Qf5 34. Bxc6 bxc6 35. Rxc6 Qh5 36. Rce6 Rf5 37. Re8+ Kg7 38. R1e7+ Kh6 39. Qe3+ Rg5+ 40.
Kf1 Qd1+ 41. Qe1 Qd3+ 42. Qe2 Qb1+ 43. Qe1 Qd3+ 44. Qe2 Qb1+ 45. Qe1 Qd3+ 1/2-1/2

[Event "Early-Titled-Tuesday-Blitz-January-23-2024"]
[Site "Chess.com"]
[Date "2024.01.23"]
[Round "2"]
[White "Ezov"]
[Black "almaguerjm"]
[Result "1-0"]
[WhiteElo "2229"]
[BlackElo "2476"]
[TimeControl "180+1"]
[EndTime "8:18:01 PST"]
[Termination "Ezov won by checkmate"]

1. d4 Nf6 2. Nc3 d5 3. Bf4 e6 4. Qd2 c5 5. e3 a6 6. O-O-O Nc6 7. f3 cxd4 8. exd4 Bb4 9. a3 Bd6 10. g4 Qc7 11. Nh3 O-O 12. Bxd6 Qxd6 13. Nf4 Rd8 14.
g5 Nd7 15. h4 Nb6 16. h5 Nxd4 17. Qxd4 e5 18. Qd3 exf4 19. g6 fxg6 20. hxg6 Qxg6 21.
Qd4 Bf5 22. Rg1 Qh6 23. Bd3 Bxd3 24. Qxd3 Qe6 25. Rde1 Qf6 26. Rh1 g6 27. Rh6 Rac8 28. Reh1 Rc7 29. Ne2 Nc4 30. c3 d4 31. Nxd4 Ne3 32.
Kb1 Rcd7 33. Qe4 Re7 34. Qd3 Nf5 35. R6h2 Nxd4 36. cxd4 Rxd4 37. Qb3+ Kh8 38. Rh6 Red7 39. Ka2 Rd2 40. R1h2 a5 41. Rxd2 Rxd2 42. Qxb7 Rd8 43. Qxh7# 1-0

[Event "Early-Titled-Tuesday-Blitz-January-23-2024"]
[Site "Chess.com"]
[Date "2024.01.23"]
[Round "2"]
[White "yaguigor"]
[Black "Denis_Makhnyov"]
[Result "0-1"]
[WhiteElo "2629"]
[BlackElo "3019"]
[TimeControl "180+1"]
[EndTime "8:18:02 PST"]
[Termination "Denis_Makhnyov won on time"]

1. e4 e5 2. Nf3 Nc6 3. Bb5 a6 4. Ba4 Nf6 5. O-O Be7 6. d3 b5 7. Bb3 O-O 8. Nc3 Bb7 9. a4 Nd4 10. Nxd4 exd4 11. Ne2 c5 12. e5 Ne8 13. Ng3 d6 14. f4 Rc8 15. Qg4 c4 16. Ba2 dxe5 17.
fxe5 Rc6 18. Ne4 Rg6 19. Qf3 Qc7 20. Bf4 Qc6 21. axb5 axb5 22. Rae1 Nc7 23. Qe2 Ra8 24. Bb1 Ne6 25. Bg3 c3 26. Qf2 Rf8 27. bxc3 dxc3 28. Ba2 b4 29. d4 Qd7 30. Nd6 Bxd6 31. exd6 Ba6 32. Bxe6 Rxe6 33. Rxe6 Qxe6 34. Re1 Qa2 35. h3 Bb5 36. Re7 Ba4 37. Rb7 b3 38. cxb3 c2 39. Rc7 Bxb3 40. Kh2 Qb2 41. Bf4 c1=Q 42. Bxc1 Qxf2 0-1

[Event "Early-Titled-Tuesday-Blitz-January-23-2024"]
[Site "Chess.com"]
[Date "2024.01.23"]
[Round "2"]
[White "TitarovVasiliYouTube"]
[Black "Byniolus"]
[Result "0-1"]
[WhiteElo "2562"]
[BlackElo "2849"]
[TimeControl "180+1"]
[EndTime "8:18:02 PST"]
[Termination "Byniolus won on time"]

1. e4 d5 2. exd5 Nf6 3. d4 Nxd5 4. c4 Nb6 5. Nf3 Bg4 6. c5 N6d7 7. Be2 e6 8. O-O Nc6 9. h3 Bh5 10. Nc3 Be7 11. Bf4 O-O 12. Bh2 Nf6 13. Ne5 Bxe2 14.
Nxe2 Nxe5 15. Bxe5 Nd5 16. Nc3 Nxc3 17. bxc3 b6 18.
cxb6 axb6 19. Qg4 Bf6 20. Bxf6 Qxf6 21. a4 Ra5 22. Qe4 Rfa8 23. Qc6 Qd8 24. Rfb1 h6 25. Rb4 R5a7 26. Rd1 Qd5 27. Qxd5 exd5 28. Rb5 Ra5 29. Rdb1 Kf8 30. Kf1 Ke7 31. Rxa5 Rxa5 32. Rb4 Kd6 33. Ke2 Ra6 34. Kd3 g5 35. g3 f5 36. h4 Ra8 37. hxg5 hxg5 38. Ke3 Re8+ 39. Kd2 f4 40. gxf4 gxf4 41. Rb1 Ra8 42. Ra1 c5 0-1

[Event "Early-Titled-Tuesday-Blitz-January-23-2024"]
[Site "Chess.com"]
[Date "2024.01.23"]
[Round "2"]
[White "vasblesk"]
[Black "yobdc"]
[Result "1-0"]
[WhiteElo "2776"]
[BlackElo "2525"]
[TimeControl "180+1"]
[EndTime "8:18:02 PST"]
[Termination "vasblesk won on time"]

1. Nf3 Nf6 2. g3 g6 3. Bg2 Bg7 4. O-O O-O 5. d4 d6 6. c4 c5 7. Nc3 Nc6 8. d5 Na5 9. Nd2 e6 10. Qc2 exd5 11. cxd5 Rb8 12. b3 b5 13. Bb2 Bf5 14. e4 Bd7 15. Nd1 Re8 16. Ne3 h5 17.
h3 c4 18. b4 Nb7 19. Bc3 a5 20. a3 Ra8 21. Qb2 Qe7 22. Rae1 Rec8 23. g4 hxg4 24. hxg4 Ne8 25. f4 axb4 26. axb4 Ra2 27. Qxa2 Bxc3 28. g5 Bxb4 29. Qc2 Bc5 30. Nf3 b4 31. Re2 b3 32.
Qc3 Qxe4 33. Ne5 Qf5 34. Nxd7 Qxd7 35. Kh2 Ng7 36. Bh3 Qc7 37. Bxc8 Qxc8 38. Qxc4 Na5 39.
Qe4 Qd8 40. Ng4 Nh5 41. Nh6+ Kh7 42. Qe7 Qxe7 43. Rxe7 b2 44. Rxf7+ Kh8 45. Re1 Be3 46. Rxe3 Ng7 47. Re1 Nb3 48. Rb7 Nd2 49. Kg2 1-0

[Event "Early-Titled-Tuesday-Blitz-January-23-2024"]
[Site "Chess.com"]
[Date "2024.01.23"]
[Round "2"]
[White "Nekoo04"]
[Black "MVM2008"]
[Result "1-0"]
[WhiteElo "2355"]
[BlackElo "2569"]
[TimeControl "180+1"]
[EndTime "8:18:02 PST"]
[Termination "Nekoo04 won by resignation"]

1. d4 Nf6 2. c4 e6 3. Nf3 a6 4.
g3 b5 5. b3 Bb7 6. Bg2 c5 7.
d5 g6 8. Bb2 Bg7 9. e4 d6 10.
O-O O-O 11. Nfd2 Nbd7 12. e5 Nxe5 13. dxe6 Bxg2 14. Kxg2 fxe6 15. Bxe5 dxe5 16. Nc3 Qd3 17. Nde4 Rad8 18. Qxd3 Rxd3 19. Rad1 Rfd8 20. Nxc5 bxc4 21. bxc4 Rxd1 22. Rxd1 Rd4 23. Rxd4 exd4 24. Ne2 Nd7 25. Nd3 Nb6 26. c5 Nd5 27. Nef4 Nxf4+ 28. gxf4 Kf7 29. Kf3 Ke7 30. Ke4 h6 31. Ne5 g5 32. fxg5 hxg5 33.
Kxd4 Kd8 34. Ke4 Kc7 35. Nf3 g4 36. Nd4 Kd7 37. c6+ Kd6 38. c7 Bxd4 39. c8=Q e5 40. Qc4 Bxf2 41. Qd5+ Kc7 42. Qxe5+ Kb6 43. Qf6+ Kb5 44.
Qxf2 Ka4 45. Qg3 a5 46. Qxg4 Ka3 47. Qf5 a4 48. Qa5 Kb2 49. Qxa4 Ka1 50. Qb5 Kxa2 51. h4 Ka3 52. h5 Ka2 53. h6 Ka3 54. h7 1-0

[Event "Early-Titled-Tuesday-Blitz-January-23-2024"]
[Site "Chess.com"]
[Date "2024.01.23"]
[Round "2"]
[White "masnyszachistaaa"]
[Black "GrotBchess"]
[Result "1-0"]
[WhiteElo "2530"]
[BlackElo "2307"]
[TimeControl "180+1"]
[EndTime "8:18:02 PST"]
[Termination "masnyszachistaaa won by resignation"]

1. Nf3 Nf6 2. c4 e6 3. g3 d5 4. Bg2 c5 5. O-O Nc6 6. d4 dxc4 7. dxc5 Qxd1 8. Rxd1 Bxc5 9. Nbd2 O-O 10. Nxc4 Rb8 11.
Bf4 Ra8 12. Nfe5 Nxe5 13. Bxe5 a5 14. Rac1 Ra6 15. Nd6 Bxd6 16. Bxd6 Re8 17. Rxc8 Rxc8 18. Bxb7 Rxd6 19. Rxd6 Rc1+ 20. Kg2 g6 21. Ra6 Rc5 22. Bf3 Nd7 23. b3 Ne5 24. Be4 Kg7 25. h3 h5 26.
f4 Nd7 27. Kf2 Nf6 28. Bf3 g5 29. fxg5 Rxg5 30. h4 Rc5 31. Ke3 Kg6 32. Kd4 Rb5 33. Kc4 Re5 34. Rb6 Ne4 35. Kd4 Kf5 36. Bxe4+ Rxe4+ 37. Kd3 Re5 38. a4 Kg4 39. Rb5 Rf5 40. b4 axb4 41.
Rxf5 exf5 42. a5 Kxg3 43. a6 Kxh4 44. a7 Kg3 45. a8=Q h4 46. Qf3+ Kh2 47. Qxf5 h3 48.
Qxf7 Kh1 49. Qf3+ Kh2 50. Qg4 b3 51. Kc3 b2 52. Kxb2 Kh1 53. Qxh3+ Kg1 54. e4 Kf2 55. e5 1-0

[Event "Early-Titled-Tuesday-Blitz-January-23-2024"]
[Site "Chess.com"]
[Date "2024.01.23"]
[Round "2"]
[White "otrov-11"]
[Black "Karina_Ivanova"]
[Result "0-1"]
[WhiteElo "2506"]
[BlackElo "2305"]
[TimeControl "180+1"]
[EndTime "8:18:02 PST"]
[Termination "Karina_Ivanova won by resignation"]

1. d4 Nf6 2. c4 e6 3. g3 Bb4+ 4. Bd2 c5 5. Nf3 b6 6. Bg2 Bb7 7. Bxb4 cxb4 8. Nbd2 O-O 9. Qc2 d6 10.
e4 Nbd7 11. O-O e5 12. Rfe1 Rc8 13. a3 bxa3 14. Rxa3 a5 15. d5 Nc5 16. Nh4 g6 17. h3 Kg7 18. Rae3 Ne8 19. Qd1 h6 20. Rf1 f5 21. exf5 gxf5 22. Qh5 Qg5 23. Qe2 f4 24. Nhf3 Qg6 25. Nxe5 dxe5 26. Rxe5 Nd6 27. Re7+ Kg8 28. Nf3 Rce8 29. Re5 fxg3 30. fxg3 Rxe5 31. Qxe5 Re8 32. Qf4 Re4 33. Qd2 Qxg3 34. Kh1 Qf4 35. Qc2 Nf5 36. Kg1 Ne3 37. Qf2 Nxf1 38. Qxf1 Rxc4 39.
Qf2 Rc1+ 40. Bf1 Bxd5 41. Qg2+ Kf8 42. Qd2 Qxd2 43. Nxd2 Rxf1+ 44. Kxf1 Nd3 45. b3 Nc1 46. Kf2 Nxb3 47. Nb1 b5 48. Ke3 Ke7 49. Kd3 Kd6 50. Kc3 b4+ 51. Kb2 Kc5 52. h4 a4 53. Kc2 a3 54. h5 Be4+ 55. Kd1 Bxb1 0-1

[Event "Early-Titled-Tuesday-Blitz-January-23-2024"]
[Site "Chess.com"]
[Date "2024.01.23"]
[Round "2"]
[White "MusicCityMaster"]
[Black "Ali_rastbod"]
[Result "1-0"]
[WhiteElo "2413"]
[BlackElo "2710"]
[TimeControl "180+1"]
[EndTime "8:18:04 PST"]
[Termination "MusicCityMaster won by resignation"]

1. d4 Nf6 2. c4 e6 3. a3 c5 4. d5 exd5 5. cxd5 d6 6. Nc3 g6 7. Bf4 a6 8. a4 Bg7 9. e3 O-O 10. h3 Re8 11. Nf3 Bf5 12. Bd3 Ne4 13. Bxe4 Bxe4 14.
O-O Qc7 15. Re1 Nd7 16. Rc1 Bxf3 17. Qxf3 Ne5 18. Qe2 Rab8 19. Bg3 b5 20. axb5 axb5 21. Nxb5 Qb6 22. Bxe5 Bxe5 23. Na3 Qxb2 24. Nc4 Qxe2 25. Rxe2 Rb4 26. f4 Bxf4 27. Kf2 Be5 28. Kf3 f5 29. Ra2 Re7 30. Ra6 Rb3 31. Nxd6 Bxd6 32. Rxd6 Rbxe3+ 33. Kf4 Kg7 34. Rc4 Re2 35. Kg3 R7e3+ 36.
Kh2 Rd3 37. Rxc5 Rdd2 38. Rc7+ Kh6 39. Rdd7 Rxg2+ 40. Kh1 Kg5 41. Rxh7 Rge2 42. Rc1 Kf4 43. Rg7 g5 44. Rf1+ Kg3 45. Rxg5+ Kh4 46. Rg8 Rxd5 47. Rf4+ Kh5 48. Rf1 f4 49. Rg2 Re4 50. Rfg1 Kh4 51. Rg4+ Kxh3 52. R4g2 1-0

[Event "Early-Titled-Tuesday-Blitz-January-23-2024"]
[Site "Chess.com"]
[Date "2024.01.23"]
[Round "2"]
[White "Zallio"]
[Black "01Roman"]
[Result "0-1"]
[WhiteElo "2171"]
[BlackElo "2472"]
[TimeControl "180+1"]
[EndTime "8:18:04 PST"]
[Termination "01Roman won by resignation"]

1. e4 e5 2. Nf3 Nc6 3. Bb5 f5 4. Bxc6 dxc6 5. Nxe5 Qd4 6. Qh5+ g6 7. Nxg6 hxg6 8. Qxg6+ Kd8 9. d3 Ne7 10. Qf7 Qg7 11.
Qxg7 Bxg7 12. Nc3 Bxc3+ 13. bxc3 fxe4 14. Bg5 Bf5 15. dxe4 Be6 16. O-O-O+ Ke8 17. f4 Bxa2 18. f5 c5 19. h4 Nc6 20. h5 Bg8 21. Bf6 Rh6 22. Bg7 Rh7 23. h6 a5 24. g4 a4 25. g5 a3 26. g6 Rxg7 27. hxg7 a2 28. Kb2 Ke7 29. Rh8 Ne5 30. Ra1 Kf6 31. Rxa2 Rxa2+ 32. Kc1 Ra8 33. Kd2 Kxg7 34. Rh1 Kf6 35. Ke3 Nc4+ 36.
Kf4 Rd8 37. Rh8 Ne5 38. Rh3 b5 39. Rg3 b4 40. cxb4 cxb4 41. Re3 c5 42. Kg3 c4 43.
Kf4 b3 44. cxb3 cxb3 45. Re2 b2 46. Rxb2 Nd3+ 47. Ke3 Nxb2 48. Kf4 Nd3+ 0-1

[Event "Early-Titled-Tuesday-Blitz-January-23-2024"]
[Site "Chess.com"]
[Date "2024.01.23"]
[Round "2"]
[White "Logman74"]
[Black "Mihajlovskij"]
[Result "1/2-1/2"]
[WhiteElo "2483"]
[BlackElo "2218"]
[TimeControl "180+1"]
[EndTime "8:18:05 PST"]
[Termination "Game drawn by stalemate"]

1. e4 d5 2. exd5 Qxd5 3. Nc3 Qe5+ 4. Be2 Bg4 5. d4 Bxe2 6. Ngxe2 Qa5 7. O-O Nf6 8. Bf4 Nc6 9. a3 O-O-O 10. b4 Qh5 11. b5 Na5 12. Qd3 Qg6 13. Qf3 e6 14.
Be5 Nc4 15. Rfd1 Bd6 16. Bg3 h5 17. a4 Qf5 18. Qxf5 exf5 19. a5 g5 20. Bxd6 Nxd6 21. b6 a6 22. Na4 c6 23. Nc5 Nde4 24. f3 Nxc5 25. dxc5 Nd5 26. Nd4 Ne3 27. Rd3 Rxd4 28. Rxe3 Rg8 29. Re7 g4 30. Rc7+ Kb8 31. fxg4 Rdxg4 32. g3 f4 33. Rxf7 fxg3 34. h3 Re4 35. Raf1 Ree8 36. Kg2 Re2+ 37. Kg1 h4 38. Rf8+ Re8 39. Rxg8 Rxg8 40. Rf4 Rh8 41. Kg2 Kc8 42. Rf7 Rd8 43. Rc7+ Kb8 44. Rh7 Kc8 45. Rxh4 Rd2+ 46. Kxg3 Rxc2 47.
Rh8+ Kd7 48. Rh7+ Ke6 49. Rxb7 Rxc5 50. Ra7 Rxa5 51. b7 Rb5 52. Rxa6 Rxb7 53. Rxc6+ Kf5 54. Kh4 Rh7+ 55. Kg3 Rg7+ 56. Kf3 Rh7 57. Rc5+ Kg6 58. Kg4 Rf7 59. Rc6+ Rf6 60. Rxf6+ Kxf6 61. Kh5 Kg7 62. Kg5 Kh8 63. h4 Kg8 64. h5 Kh8 65. h6 Kg8 66. Kg6 Kh8 67. h7 1/2-1/2

[Event "Early-Titled-Tuesday-Blitz-January-23-2024"]
[Site "Chess.com"]
[Date "2024.01.23"]
[Round "2"]
[White "SHIVACalypso"]
[Black "Paladin61"]
[Result "0-1"]
[WhiteElo "2443"]
[BlackElo "2728"]
[TimeControl "180+1"]
[EndTime "8:18:07 PST"]
[Termination "Paladin61 won by resignation"]

1. c4 e5 2. Nc3 Nf6 3. g3 d5 4.
cxd5 Nxd5 5. Bg2 Nb6 6. Nf3 Nc6 7. d3 Be7 8. O-O O-O 9. Be3 Be6 10. Rc1 Qd7 11. b3 Rfd8 12. Ne4 f6 13. Nc5 Bxc5 14. Bxc5 Nd5 15. Nd2 b6 16. Ba3 Nd4 17. Nc4 c5 18.
e3 Nc6 19. Qe2 Rac8 20. Rfd1 Kh8 21. Bb2 Bg4 22. f3 Bh5 23. a3 Bf7 24. e4 Nc7 25. Bf1 Nb5 26. Qf2 Be6 27. f4 Nbd4 28. f5 Bf7 29.
Bxd4 Nxd4 30. Rb1 Nb5 31. Rdc1 Qd4 32. a4 Qxf2+ 33. Kxf2 Nd4 34. Nd2 Kg8 35. Ke3 Kf8 36. a5 Ke7 37. Ra1 b5 38. Rab1 Kd7 39. b4 cxb4 40.
Rxc8 Rxc8 41. Be2 b3 42. Bd1 Rc3 43. Rb2 Kd6 44. Nb1 Rc1 45. Kd2 Rc8 46. Nc3 Kc5 47.
Ne2 Kb4 48. Rb1 Ka3 49. Nc1 b2 50. Ne2 Ba2 51. Nxd4 exd4 52. Bc2 Bxb1 53. Bxb1 Rc1 0-1

[Event "Early-Titled-Tuesday-Blitz-January-23-2024"]
[Site "Chess.com"]
[Date "2024.01.23"]
[Round "2"]
[White "DreamsAreFake"]
[Black "BashirliSaadat"]
[Result "0-1"]
[WhiteElo "2717"]
[BlackElo "2421"]
[TimeControl "180+1"]
[EndTime "8:18:07 PST"]
[Termination "BashirliSaadat won by resignation"]

1. Nf3 d5 2. g3 g6 3. Bg2 Bg7 4. d4 Nf6 5. O-O O-O 6. c3 Bf5 7.
Bf4 c5 8. dxc5 Nbd7 9. b4 Ne4 10. Qc1 e5 11. Bh6 a5 12. Bxg7 Kxg7 13. Rd1 Be6 14. Nbd2 f5 15. Qb2 Qc7 16. a3 b6 17. cxb6 Nxb6 18. c4 d4 19. c5 Na4 20. Qc2 Nac3 21.
Nxe4 fxe4 22. Ng5 Bc4 23. Nxe4 Nxd1 24. Qxc4 Nb2 25. Qb3 axb4 26. Qxb2 bxa3 27. Ra2 axb2 28. Rxb2 Ra1+ 29. Bf1 Qc6 30. f3 Rc8 31. Kg2 Qd5 32.
Rb6 Rc7 33. Rd6 Qb3 34. g4 Qd1 35. Ng3 Qe1 36. h4 Rxc5 37. h5 Rc7 38. g5 Kf7 39. h6 Kf8 40. Rf6+ Ke7 41. Rb6 Kd7 42. Rf6 Qd2 43. Ne4 Qc2 44. Rf7+ Kc6 45. Rf6+ Kb7 46. Nd6+ Ka6 47. Ne4+ Ka7 48. Re6 Qc1 49. Ng3 Qc5 50.
Re8 Qa5 51. Ne4 Ra2 52. Re6 d3 53. Nf2 dxe2 54. Kg3 exf1=Q 0-1

[Event "Early-Titled-Tuesday-Blitz-January-23-2024"]
[Site "Chess.com"]
[Date "2024.01.23"]
[Round "2"]
[White "GMAkobianSTL"]
[Black "tolimachess"]
[Result "1-0"]
[WhiteElo "2756"]
[BlackElo "2487"]
[TimeControl "180+1"]
[EndTime "8:18:08 PST"]
[Termination "GMAkobianSTL won by checkmate"]

1. d4 Nf6 2. c4 g6 3. Nc3 Bg7 4. Nf3 O-O 5. Bg5 d6 6. e3 Nc6 7.
Be2 h6 8. Bh4 Bf5 9. O-O e5 10.
d5 Ne7 11. Nd2 g5 12. Bg3 Ng6 13. f3 a5 14. Bf2 Bd7 15. Qc2 Nh7 16. b3 f5 17. a3 b6 18. b4 axb4 19. axb4 Rxa1 20. Rxa1 e4 21. fxe4 f4 22. Rf1 fxe3 23. Bxe3 Nf4 24.
Bd1 Qf6 25. Nb5 Bxb5 26. cxb5 Qe7 27. g3 Ng6 28. Bg4 Rxf1+ 29. Nxf1 Ne5 30. Be6+ Kh8 31. Kg2 Nf6 32. Bd4 Nfg4 33. Qd1 h5 34. Ne3 Nxe3+ 35. Bxe3 g4 36. Qa1 Nf3 37. Qa8+ Kh7 38. Qg8+ Kg6 39. Bf5+ Kf6 40. Bc1 Ke5 41. Bb2+ Nd4 42. h4 gxh3+ 43. Kxh3 h4 44. gxh4 c5 45. bxc6 b5 46. Qe6+ Qxe6 47. dxe6 Kf4 48. Bxd4 Bxd4 49. e7 Bf2 50. e8=Q Bxh4 51.
Kxh4 Ke3 52. c7 Kd4 53. c8=Q Ke3 54. e5 Kf4 55. exd6 Kf3 56. Qe4+ Kf2 57. Qcc2+ Kg1 58. Qeg2# 1-0

[Event "Early-Titled-Tuesday-Blitz-January-23-2024"]
[Site "Chess.com"]
[Date "2024.01.23"]
[Round "2"]
[White "MightyGMpretender"]
[Black "funnyselfmate"]
[Result "1-0"]
[WhiteElo "2748"]
[BlackElo "2486"]
[TimeControl "180+1"]
[EndTime "8:18:08 PST"]
[Termination "MightyGMpretender won by resignation"]

1. Nf3 d5 2. e3 c6 3. c4 Nf6 4.
Nc3 e6 5. b3 Bd6 6. d4 Nbd7 7.
Bd3 O-O 8. O-O e5 9. cxd5 cxd5 10. dxe5 Nxe5 11. Be2 Nxf3+ 12. Bxf3 Be5 13. Bb2 Ne4 14.
Rc1 Be6 15. Qe2 Qf6 16. Na4 Ng5 17. Bxe5 Nxf3+ 18. Qxf3 Qxe5 19. Nc5 Rac8 20. Nd3 Qe4 21. Qxe4 dxe4 22. Nf4 Bg4 23. h3 Bd7 24. Nd5 Rfe8 25. Rxc8 Bxc8 26. Rc1 Kf8 27. Rc7 Rd8 28. Nc3 f5 29.
Nb5 a6 30. Nd4 b5 31. Kh2 Bd7 32. Kg3 Ke8 33. Kf4 g6 34. Ke5 Rc8 35. Rxc8+ Bxc8 36. Kd6 g5 37. Ke5 f4 38. exf4 gxf4 39. Kxf4 Bb7 40.
Nf5 Kd7 41. Ng3 e3 42. f3 a5 43. Kxe3 Kd6 44. Kd4 a4 45. Ne4+ Kc6 46. bxa4 bxa4 47. a3 Kb5 48. Nc3+ Ka5 49. Kc5 Bc8 50. Nd5 Be6 51.
f4 Bf5 52. h4 h5 53. g3 Be4 54.
Nb4 Bf5 55. Nc6+ Ka6 56. Nd4 Be4 57. f5 1-0

[Event "Early-Titled-Tuesday-Blitz-January-23-2024"]
[Site "Chess.com"]
[Date "2024.01.23"]
[Round "2"]
[White "Zurability"]
[Black "Muslim_player_05"]
[Result "0-1"]
[WhiteElo "2749"]
[BlackElo "2529"]
[TimeControl "180+1"]
[EndTime "8:18:09 PST"]
[Termination "Muslim_player_05 won by resignation"]

1. Nf3 Nf6 2. d4 g6 3. c4 Bg7 4. Nc3 d6 5. e4 O-O 6. Be2 e5 7.
Be3 Ng4 8. Bg5 f6 9. Bc1 Nc6 10. O-O Nh6 11. Be3 Ng4 12. Bc1 Nh6 13. h3 exd4 14.
Nxd4 f5 15. Nxc6 bxc6 16. Bf3 Bd7 17. Bxh6 Bxh6 18. exf5 Rxf5 19. Bg4 Rf4 20. Bxd7 Qxd7 21. Qd3 Bg7 22. b3 Re8 23. Rae1 Rf5 24. Rxe8+ Qxe8 25. Ne4 Qe5 26. Ng3 Rf4 27. Rd1 Rf8 28. Qe4 Qxe4 29.
Nxe4 Re8 30. f3 c5 31. Kf1 Bd4 32. Ke2 c6 33. Kd3 d5 34. Nd6 Re3+ 35. Kd2 Re6 36. Nb7 dxc4 37. bxc4 Re3 38. Rc1 Ra3 39. Rc2 Kf8 40. Nd8 Ra6 41. Ne6+ Ke7 42. Ng5 h6 43. Ne4 Ra3 44. Ke2 Ke6 45. Nd2 Kf5 46. Nb3 Kf4 47.
Kd3 a5 48. Re2 a4 49. Re4+ Kf5 50. Kc2 axb3+ 51. axb3 Ra2+ 52. Kd3 Rxg2 0-1

[Event "Early-Titled-Tuesday-Blitz-January-23-2024"]
[Site "Chess.com"]
[Date "2024.01.23"]
[Round "2"]
[White "oganromchess"]
[Black "Boninknights"]
[Result "0-1"]
[WhiteElo "2526"]
[BlackElo "2343"]
[TimeControl "180+1"]
[EndTime "8:18:09 PST"]
[Termination "Boninknights won on time"]

1. e4 c6 2. Nc3 a6 3. f4 d5 4. Nf3 Bg4 5. h3 Bxf3 6. Qxf3 e6 7. d3 Bb4 8. Bd2 d4 9. Nb1 Bxd2+ 10. Nxd2 Qa5 11. a3 c5 12. e5 Nc6 13. g4 Nge7 14. Bg2 O-O 15. Qe2 b5 16. O-O Rac8 17. f5 exf5 18.
gxf5 Rfe8 19. f6 Ng6 20. fxg7 Ncxe5 21. Ne4 Kxg7 22. Qh5 Qb6 23. Rf6 Re6 24. Raf1 Rxf6 25. Rxf6 Qxf6 26. Nxf6 Kxf6 27. h4 h6 28. Qxh6 Ke7 29.
Qg5+ Kd6 30. Qg3 Rh8 31. b4 c4 32. dxc4 bxc4 33. Qf2 Rxh4 34. Qf6+ Kc7 35. Qxa6 d3 36. Qa7+ Kd6 37. Qc5+ Ke6 38. cxd3 cxd3 39. Qd5+ Kf6 40. b5 Rg4 41. Qd8+ Kg7 42. Kf2 Nf4 43. Qd4 Rxg2+ 0-1

[Event "Early-Titled-Tuesday-Blitz-January-23-2024"]
[Site "Chess.com"]
[Date "2024.01.23"]
[Round "2"]
[White "Zavgorodniy_Sergiy"]
[Black "Nemegejas"]
[Result "1-0"]
[WhiteElo "2616"]
[BlackElo "2894"]
[TimeControl "180+1"]
[EndTime "8:18:11 PST"]
[Termination "Zavgorodniy_Sergiy won by resignation"]

1. e4 c6 2. d4 d5 3. exd5 cxd5 4.
c4 Nf6 5. Nc3 e6 6. Nf3 Be7 7.
cxd5 Nxd5 8. Bd3 O-O 9. O-O Nc6 10. Re1 Nf6 11. Bg5 h6 12. Bh4 Nh5 13. Bxe7 Nxe7 14.
Ne5 Nf6 15. Qf3 Qxd4 16. Rad1 Qb6 17. g4 Nc6 18. h4 Nxe5 19. Rxe5 Bd7 20. g5 Bc6 21.
Qe2 Nd7 22. gxh6 Nxe5 23. Qxe5 gxh6 24. Qf6 Qb4 25. Kh2 Rfd8 26. Qxh6 Qd6+ 27. f4 Qxd3 28. Rg1+ Qg6 29. Rxg6+ fxg6 30. Qxg6+ Kh8 31. Qh6+ Kg8 32. Qxe6+ Kg7 33. Qe5+ Kf7 34. Qf5+ Ke7 35. Qe5+ Kd7 36. b4 a6 37. a4 Re8 38. Qd4+ Kc8 39. b5 axb5 40.
axb5 Bd7 41. Qc5+ Kd8 42. Qb6+ Ke7 43. Nd5+ Kf8 44. Qf6+ Kg8 45. Ne7+ Rxe7 46. Qxe7 Bxb5 47. Qg5+ Kh7 48. Qxb5 Rg8 49. Qxb7+ Rg7 50. Qxg7+ Kxg7 1-0

[Event "Early-Titled-Tuesday-Blitz-January-23-2024"]
[Site "Chess.com"]
[Date "2024.01.23"]
[Round "2"]
[White "Felix-Rose"]
[Black "GlennTipton"]
[Result "0-1"]
[WhiteElo "2296"]
[BlackElo "2525"]
[TimeControl "180+1"]
[EndTime "8:18:11 PST"]
[Termination "GlennTipton won on time"]

1. d4 Nf6 2. Nf3 d5 3. e3 c6 4. Bd3 Bg4 5. h3 Bh5 6. Nbd2 Nbd7 7. O-O e6 8. c4 Bd6 9. cxd5 exd5 10. Rb1 a5 11. a4 O-O 12. Nb3 Re8 13. Bd2 Ne4 14.
Be1 f5 15. Be2 f4 16. exf4 Bxf4 17. Nc1 Ng5 18. Nxg5 Bxe2 19. Nxe2 Qxg5 20. Nxf4 Qxf4 21. b4 axb4 22. Rxb4 b6 23. Bd2 Qd6 24. Qc1 c5 25. Bf4 Qc6 26. dxc5 bxc5 27. Rb5 Rxa4 28. Rb3 c4 29.
Rg3 d4 30. Bh6 Re7 31. Qg5 Qf6 32. Qd5+ Kh8 33. Bg5 Qe6 34. Qb5 Ra8 35. Bxe7 Qxe7 36.
Qxc4 Ne5 37. Qxd4 Rd8 38. Qa1 Ng6 39. Re1 Qd7 40. Rge3 h5 41. Qa6 Kh7 42. Rg3 Nf4 43. Rf3 Qd4 0-1